 Dungeon Crawl Stone Soup version 0.21.1-1-g345015f (webtiles) character file.

42 Kairos the Charmwright (level 3, -3/27 HPs)
             Began as a Demonspawn Skald on Mar 26, 2018.
             Slain by Sigmund
             ... wielding a +0 scythe
              (8 damage)
             ... on level 2 of the Dungeon.
             The game lasted 00:01:27 (839 turns).

Kairos the Charmwright (Demonspawn Skald)            Turns: 839, Time: 00:01:28

Health: -3/27      AC:  7    Str: 12    XL:     3   Next: 33%
Magic:  3/6        EV: 11    Int: 14    God:
Gold:   105        SH:  0    Dex: 12    Spells: 5/6 levels left

rFire    . . .     SeeInvis .   f - +2 whip (freeze)
rCold    . . .     Gourm    .   (no shield)
rNeg     . . .     Faith    .   i - +0 ring mail
rPois    .         Spirit   .   (helmet restricted)
rElec    .         Reflect  .   (no cloak)
rCorr    .         Harm     .   (no gloves)
MR       .....                  (no boots)
Stlth    +.........             (no amulet)
HPRegen  0.09/turn              (no ring)
MPRegen  0.10/turn              (no ring)

@: infused (expiring)
A: antennae 1, icy blue scales 1
a: no special abilities


You were on level 2 of the Dungeon.
You were not hungry.

You visited 1 branch of the dungeon, and saw 2 of its levels.

You collected 105 gold pieces.

Inventory:

Hand Weapons
 a - a +0 mace
 f - a +2 whip of freezing (weapon)
Armour
 b - a +0 leather armour
 i - a +0 ring mail (worn)
Scrolls
 e - 2 scrolls of identify {unknown}
 g - 2 scrolls of remove curse {unknown}
 j - a scroll of noise {unknown}
Potions
 h - a potion of curing {unknown}
Books
 c - a book of Battle

   Spells                             Type                      Level
   a - Infusion                       Charms                       1
   b - Shroud of Golubria             Charms/Translocation         2
   c - Song of Slaying                Charms                       2
   d - Spectral Weapon                Hexes/Charms                 3
   e - Regeneration                   Charms/Necromancy            3
Comestibles
 d - 3 rations


   Skills:
 + Level 2.1 Fighting
 + Level 2.4 Maces & Flails
 + Level 1.0 Armour
 + Level 2.0 Dodging
 + Level 0.2 Stealth
 + Level 2.2 Spellcasting
 + Level 3.1 Charms


You had 5 spell levels left.
You knew the following spells:

 Your Spells              Type           Power        Failure   Level  Hunger
a - Infusion              Chrm           ##..         14%         1    #......


Dungeon Overview and Level Annotations

Branches:
Dungeon (2/15)

Altars:

Annotations:
D:2 Sigmund


Innate Abilities, Weirdness & Mutations

You have a pair of small antennae on your head.
You are partially covered in icy blue scales. (AC +2)


Message History

Your magical infusion is running out.
Sigmund hits you but does no damage.
You hit Sigmund! You freeze Sigmund.
Sigmund is heavily wounded.
You hit Sigmund! You freeze Sigmund.
Sigmund is almost dead.
Sigmund hits you but does no damage.
You hit Sigmund. You freeze Sigmund.
Sigmund is almost dead.
Sigmund hits you but does no damage.
You closely miss Sigmund.
Sigmund is almost dead.
You barely miss Sigmund.
Sigmund is almost dead.
Sigmund hits you with a scythe.
* * * LOW HITPOINT WARNING * * *
You hit Sigmund but do no damage.
Sigmund is almost dead.
Sigmund hits you with a scythe!
You die...

.##..≈≈≈≈≈..#
.##..≈≈≈≈≈..########
.###..≈≈...........#
.# ##....#########.#
.# ##############.#
.# .....%.#.# .#
#...# #.### #@# #@#
#.# #.# #.# #.# >..
..#


You could see Sigmund.

Vanquished Creatures
  An adder (D:2)
  A dart slug (D:1)
  A leopard gecko (D:2)
  2 giant cockroaches (D:1)
  3 goblins (D:1)
  6 hobgoblins (D:1)
  A ball python (D:1)
  A bat (D:1)
  8 frilled lizards
  4 kobolds
  2 rats
30 creatures vanquished.

Notes
Turn   | Place    | Note
-------+----------+-------------------------------------------
     0 | D:1      | Kairos the Demonspawn Skald began the quest for the Orb.
     0 | D:1      | Reached XP level 1. HP: 16/16 MP: 3/3
   223 | D:1      | Gained mutation: You are partially covered in icy blue scales. (AC +2) [demonic ancestry]
   223 | D:1      | Reached XP level 2. HP: 19/22 MP: 5/5
   338 | D:1      | Reached skill level 3 in Charms
   763 | D:2      | Reached skill level 1 in Armour
   763 | D:2      | Gained mutation: You have a pair of small antennae on your head. [demonic ancestry]
   763 | D:2      | Reached XP level 3. HP: 22/27 MP: 6/6
   822 | D:2      | Noticed Sigmund
   839 | D:2      | Slain by Sigmund

Skill      XL: |  1  2 |
---------------+-------+-----
Maces & Flails | 2 |  2.4
Charms         | 3 |  3.1
Dodging        | 2 |  2.0
Armour         | 1 |  1.0
Fighting       | |  2.1
Stealth        | |  0.2
Spellcasting   | |  2.2

Action                   || total
-------------------------++-------
Melee: Whip              ||    99
 Cast: Infusion          ||     1
 Stab: Sleeping          ||     1
Armor: Leather armour    ||     8
       Ring mail         ||    25
Dodge: Dodged            ||    40
